Map: Chain of Ascension

Players

Ixthix

  • Race: Terran Terran
  • Spawn Location: 11:00

NamroodTuo

  • Race: Terran Terran
  • Spawn Location: 11:00

VOD

Have the link to the VOD?

Description

Time

  • Played on: Jan. 31, 2023, 9:36 a.m.
  • Length: 19:22
Show
View Real Time Build Order
Export as new Build Order

Ixthix Terran 

Build Orders:  

Get SALT Encoding   

  12  0:08  SCV  
  13  0:24  Supply Depot  
  13  0:25  SCV  
  14  0:42  SCV  
  15  0:55  Supply Depot  
  15  0:59  SCV  
  16  1:16  SCV  
  17  1:28  Engineering Bay  
  17  1:33  SCV  
  18  2:01  SCV  
  19  2:18  SCV  
  19  2:19  Barracks  
  20  2:28  Refinery  
  20  2:35  SCV, Refinery  
  21  2:52  SCV  
  21  2:57  Bunker  
  22  3:04  Supply Depot  
  22  3:05  Neosteel Frame  
  22  3:07  Marine  
  22  3:09  SCV  
  23  3:18  Marine  
  24  3:26  SCV  
  24  3:28  Marine  
  26  3:30  Bunker  
  26  3:36  Supply Depot  
  26  3:38  Marine  
  27  3:43  SCV  
  29  3:52  Barracks Tech Lab  
  29  4:00  SCV  
  30  4:29  Missile Turret  
  30  4:40  Supply Depot  
  30  4:44  SCV  
  31  4:57  Structure Armor  
  31  4:58  Missile Turret, Factory  
  31  5:01  SCV  
  31  5:02  Marauder  
  34  5:16  Supply Depot  
  34  5:18  SCV  
  35  5:21  Marauder  
  37  5:34  Firebat  
  37  5:35  SCV  
  40  5:46  Firebat  
  42  5:55  Supply Depot  
  42  6:14  Starport  
  42  6:15  Factory Tech Lab  
  42  6:31  Terran Infantry Weapons Level 1, Supply Depot  
  42  6:35  Orbital Command  
  42  6:59  Siege Tank  
  42  7:03  Supply Depot  
  45  7:19  Siege Tank  
  45  7:20  Starport Tech Lab  
  45  7:28  Fusion Core  
  48  7:44  Armory  
  48  8:54  Battlecruiser  
  54  9:11  Terran Infantry Armor Level 1  
  54  9:37  Battlecruiser  
  60  9:40  Starport  
  60  10:05  SCV  
  61  10:13  Command Center  
  61  10:18  Terran Vehicle And Ship Armor Level 1  
  61  10:22  SCV  
  62  10:33  Starport Tech Lab  
  62  10:39  SCV  
  63  10:56  SCV  
  64  11:51  Unknown  
  64  11:54  Battlecruiser  
  64  11:55  Refinery  
  64  11:56  Battlecruiser  
  76  12:05  Weapon Refit  
  76  12:13  SCV  
  77  12:24  Concussive Shells  
  77  12:30  SCV, Refinery  
  78  12:47  SCV  
  79  12:56  Terran Infantry Weapons Level 2  
  79  12:58  Terran Vehicle and Ship Weapons Level 1  
  79  13:04  SCV  
  80  13:21  SCV  
  80  13:24  Incinerator Gauntlets  
  81  13:53  Battlecruiser  
  81  13:55  Battlecruiser  
  93  14:05  SCV  
  94  14:22  SCV  
  95  14:39  SCV  
  96  14:56  SCV  
  97  15:13  SCV  
  98  15:52  SCV  
  99  16:09  SCV  
  100  16:12  Supply Depot  
  100  16:22  Supply Depot  
  100  16:26  SCV  
  101  16:39  Battlecruiser  
  101  16:43  SCV  
  101  16:44  Supply Depot  
  108  16:50  Battlecruiser  
  108  16:53  Supply Depot  
  114  17:00  SCV  
  115  17:18  Supply Depot  
  115  17:22  Battlecruiser  
  115  17:25  Supply Depot  
  121  17:46  Battlecruiser  
  121  17:48  Supply Depot  
  127  17:56  Supply Depot  
  127  18:51  SCV  
  127  18:59  Supply Depot  
  128  19:05  Supply Depot  
Show
View Real Time Build Order
Export as new Build Order

NamroodTuo Terran 

Build Orders:  

Get SALT Encoding   

  12  0:03  SCV  
  13  0:19  Supply Depot  
  13  0:30  SCV  
  14  0:42  Factory  
  14  0:49  SCV  
  15  1:02  Supply Depot  
  15  1:07  SCV  
  16  1:21  SCV  
  17  1:39  Refinery  
  17  1:41  Refinery  
  17  1:48  Supply Depot  
  17  2:20  Perdition Turret  
  17  2:27  Supply Depot  
  17  2:29  SCV  
  18  2:43  SCV  
  19  2:55  Engineering Bay  
  19  2:56  SCV  
  20  3:10  SCV  
  20  3:14  Perdition Turret  
  21  3:49  Devastation Turret  
  21  4:01  Perdition Turret  
  21  4:03  Perdition Turret  
  21  4:06  Perdition Turret  
  21  4:14  Perdition Turret x2  
  20  4:28  Devastation Turret  
  20  4:32  SCV  
  21  4:46  SCV  
  22  4:52  Factory Tech Lab  
  22  5:00  SCV  
  23  5:12  Armory  
  23  5:22  Goliath  
  25  5:39  Spinning Dizzy  
  25  5:43  Spinning Dizzy  
  25  6:03  Perdition Turret  
  25  6:07  SCV  
  26  6:21  SCV  
  26  6:28  Devastation Turret  
  27  6:33  Upgrade Laser Drill Level 1  
  27  6:34  SCV  
  28  6:48  SCV  
  29  7:01  SCV  
  30  7:15  SCV  
  30  7:17  Goliath  
  33  7:29  SCV  
  34  7:42  Starport, SCV  
  35  7:56  SCV  
  36  8:06  Starport  
  36  8:09  SCV  
  36  8:19  Goliath  
  39  8:27  Factory  
  39  8:33  Ares-Class Targeting System  
  39  8:36  Starport Tech Lab  
  39  9:01  Starport Tech Lab  
  39  9:05  Pulse Amplifier  
  39  9:35  Factory Tech Lab  
  39  9:39  Science Vessel x2  
  43  9:50  Goliath  
  45  10:01  Factory Tech Lab  
  45  10:06  Improved Nano-Repair  
  45  10:10  SCV  
  45  10:16  Supply Depot  
  46  10:24  SCV  
  47  10:46  Goliath  
  47  10:49  Upgrade Laser Drill Level 2, Supply Depot  
  49  10:54  Devastation Turret  
  49  11:22  Supply Depot  
  49  12:37  Science Vessel x2  
  53  12:40  Goliath x2  
  57  12:50  Terran Vehicle and Ship Weapons Level 1  
  57  13:12  Goliath x2  
  57  13:17  Structure Armor  
  61  13:44  Goliath x2  
  65  14:16  Goliath  
  65  14:17  Hi-Sec Auto Tracking  
  65  14:54  Perdition Turret x2  
  65  14:55  Perdition Turret  
  65  14:57  Perdition Turret  
  65  14:59  Perdition Turret  
  63  15:01  Perdition Turret  
  61  15:30  Science Vessel x2, Terran Vehicle And Ship Armor Level 1  
  61  15:36  Goliath x2  
  69  15:55  Supply Depot  
  69  16:06  Supply Depot  
  69  16:07  Goliath  
  71  16:25  Goliath, Science Vessel x2  
  71  16:26  Supply Depot  
  77  16:38  Supply Depot  
  77  17:01  Supply Depot  
  77  17:10  Supply Depot  
  77  17:32  Supply Depot  
  77  17:43  Supply Depot  
  77  17:51  Goliath  
  77  17:52  Goliath  
  81  18:05  Supply Depot  
  81  18:16  Supply Depot  
  81  18:23  Goliath x2  
  85  18:39  Supply Depot  
  89  18:50  Supply Depot  
Tags
 
Commander
RaynorSwann
Matchup
Co-op
Replay Pack
Multiplayer
Add a new tag
Caveats
  • Supply blocks, unpowered buildings, or Contaminate may cause inaccurate times.
  • Supply counts are checked every 10 seconds.